 Dungeon Crawl Stone Soup version 0.29.1-1-gd02db6906a (webtiles) character file.

Game seed: 8873596143263119698

10 LustLizard the Trooper (level 2, 24/24 HPs)
             Began as a Demonspawn Fighter on Oct 3, 2022.
             Quit the game on level 1 of the Dungeon.
             The game lasted 00:00:44 (487 turns).

LustLizard the Trooper (Demonspawn Fighter)          Turns: 487, Time: 00:00:45

Health: 24/24      AC:  9    Str: 16    XL:     2   Next: 10%
Magic:  2/2        EV:  6    Int:  9    God:
Gold:   47         SH:  4    Dex: 12    Spells: 1/1 levels left

rFire   . . .      SeeInvis .   a - +0 long sword
rCold   . . .      Faith    .   c - +0 buckler
rNeg    . . .      Spirit   .   e - +0 chain mail
rPois   .          Reflect  .   (no helmet)
rElec   .          Harm     .   (no cloak)
rCorr   .          Rampage  .   (no gloves)
Will    .....                   (no boots)
Stlth   ..........              (no amulet)
HPRegen 0.08/turn               (no ring)
MPRegen 0.16/turn               (no ring)

@: no status effects
A: magic regeneration
a: no special abilities


You were on level 1 of the Dungeon.
You visited 1 branch of the dungeon, and saw 1 of its levels.

You collected 47 gold pieces.

Inventory:

Hand Weapons
 a - a +0 long sword (weapon)
Armour
 b - a +0 scale mail
 c - a +0 buckler (worn)
 e - a +0 chain mail (worn)
Scrolls
 h - a scroll of magic mapping {unknown}
Potions
 d - 4 potions of might
 f - a potion of invisibility {unknown}
 g - a potion of heal wounds {unknown}


   Skills:
 + Level 3.1 Fighting
 * Level 2.1 Long Blades
 + Level 2.8 Armour
 + Level 2.8 Shields


You had one spell level left.
You didn't know any spells.
Your spell library was empty.

Dungeon Overview and Level Annotations

Branches:
Dungeon (1/15)

Altars:


Innate Abilities, Weirdness & Mutations

You regenerate magic rapidly.


Message History

g - a fizzy pink potion A goblin comes into view.
It is wielding a +0 club.
Found a scroll labelled VIT PIBUOPS.
You hit the goblin.
You kill the goblin!
You have reached level 2!
Your demonic ancestry asserts itself...
Your magic begins to regenerate rapidly.
h - a scroll labelled VIT PIBUOPS Sorry, you're not good enough to have a special ability.
An endoplasm comes into view.
The endoplasm quivers.
You see here a potion of might.
The endoplasm hits you but does no damage.
You hit the endoplasm.
The endoplasm is heavily wounded.
You block the endoplasm's attack.
You hit the endoplasm but do no damage.
The endoplasm is heavily wounded.
You block the endoplasm's attack. The endoplasm freezes you.
You are frozen.
You hit the endoplasm but do no damage.
The endoplasm is heavily wounded.
The endoplasm freezes you.
You are frozen.
You hit the endoplasm but do no damage.
The endoplasm is heavily wounded.
The endoplasm hits you.
You hit the endoplasm.
You kill the endoplasm!
No target in view!
No target in view!
d - 2 potions of might (gained 1)
You now have 47 gold pieces (gained 14).
d - 4 potions of might (gained 2)
Found a ring mail.
Unknown command.
Okay, then.
Are you sure you want to abandon this character and quit the game? (Confirm with "yes".)

.# #.[ ... #.. ....+..
....#.. ........ .....# #
#.#.##..####..#.#. #. #.
#.#.##..@......... .....
#.#.#.###..###..#.#.. #.##.
#.#.#.###..###..#.#...#.##.
#.#.#.##..........#...#.##.
#.#.#.##...###..#.......##.
#.#.#.##.#......#.#...#.##.
#.#........................
##.#.#.##.#.#.#..#.....#.##.
#......................#.##.


There were no monsters in sight!

Vanquished Creatures
  A dart slug (D:1)
  A bat (D:1)
  2 endoplasms (D:1)
  A giant cockroach (D:1)
  A goblin (D:1)
  A rat (D:1)
7 creatures vanquished.

Notes
Turn   | Place    | Note
-------+----------+-------------------------------------------
     0 | D:1      | LustLizard the Demonspawn Fighter began the quest for the
                  | Orb.
     0 | D:1      | Reached XP level 1. HP: 18/18 MP: 1/1
   326 | D:1      | Gained mutation: You regenerate magic rapidly. [demonic
                  | ancestry]
   326 | D:1      | Reached XP level 2. HP: 24/24 MP: 2/2
   487 | D:1      | Quit the game

Illustrated notes

Levels and vault maps discovered:
D:1:      beargit_arrival_greenhouse, layout_basic

Skill      XL: |  1 |
---------------+----+-----
Long Blades    | 2 |  2.1
Fighting       | |  3.1
Armour         | |  2.8
Shields        | |  2.8

Action                   || total
-------------------------++-------
Melee: Long sword        ||    23
Armor: Chain mail        ||    11
Dodge: Dodged            ||     6
Block: Buckler           ||     6
